 Dungeon Crawl Stone Soup version 0.28.0-49-g6dfe1f597d (webtiles) character file.

Game seed: 4429839194991325893

1486 H0rd4k the Cutter (level 9, -4/65 HPs)
             Began as a Human Artificer on May 11, 2022.
             Engulfed by a steam dragon's steam (8 damage)
             ... on level 6 of the Dungeon.
             The game lasted 00:09:06 (7597 turns).

H0rd4k the Cutter (Human Artificer)                 Turns: 7597, Time: 00:09:06

Health: -4/65      AC:  5    Str: 13    XL:     9   Next: 7%
Magic:  9/9        EV: 12    Int: 16    God:
Gold:   272        SH:  0    Dex: 13    Spells: 8/8 levels left

rFire   . . .      SeeInvis .   I - +6 spear of Neifuu {vorpal, rC+}
rCold   + . .      Faith    .   (no shield)
rNeg    . . .      Spirit   .   b - +0 leather armour
rPois   .          Reflect  .   a - +0 helmet
rElec   .          Harm     .   (no cloak)
rCorr   .          Rampage  .   m - +0 pair of gloves
Will    .....                   (no boots)
Stlth   ++........              (no amulet)
HPRegen 0.20/turn               (no ring)
MPRegen 0.11/turn               (no ring)

@: no status effects
A: no striking features
a: no special abilities


You were on level 6 of the Dungeon.
You visited 1 branch of the dungeon, and saw 6 of its levels.
You also visited: Ossuary.

You collected 272 gold pieces.

Inventory:

Hand Weapons
 l - a +3 short sword of speed
 s - a +2 dagger of holy wrath
 v - a +2 short sword of venom
 I - the +6 spear of Neifuu (weapon) {vorpal, rC+}
   (You found it on level 6 of the Dungeon)

   It inflicts extra damage upon your enemies.
   rC:        It protects you from cold.
Missiles
 h - 10 poisoned darts
Armour
 a - a +0 helmet (worn)
 b - a +0 leather armour (worn)
 m - a +0 pair of gloves (worn)
 B - a +0 ring mail of fire resistance
Magical Staves
 D - a staff of fire
Jewellery
 y - a ring of flight
Wands
 c - a wand of flame (2) (quivered)
 d - a wand of charming (7)
 C - a wand of acid (5)
 F - a wand of polymorph (5)
 J - a wand of iceblast (3)
Scrolls
 f - 7 scrolls of identify {unknown}
 g - 2 scrolls of immolation {unknown}
 k - 3 scrolls of teleportation {unknown}
 n - a scroll of summoning {unknown}
 o - 2 scrolls of magic mapping {unknown}
 r - 2 scrolls of enchant armour {unknown}
 t - a scroll of fog {unknown}
 w - 2 scrolls of vulnerability {unknown}
 x - 2 scrolls of holy word {unknown}
 A - 2 scrolls of noise {unknown}
 H - a scroll of blinking {unknown}
 K - a scroll of fear {unknown}
Potions
 i - 9 potions of curing {unknown}
 j - 2 potions of ambrosia {unknown}
 p - 3 potions of heal wounds {unknown}
 q - 3 potions of flight {unknown}
 u - 3 potions of berserk rage {unknown}
 z - 5 potions of lignification {unknown}
 E - a potion of mutation {unknown}
 G - a potion of magic {unknown}
Miscellaneous
 e - a piece from Xom's chessboard (15/15)


   Skills:
 + Level 3.9 Fighting
 + Level 4.6 Short Blades
 + Level 0.6 Maces & Flails
 + Level 3.8 Polearms
 + Level 4.1 Armour
 + Level 3.9 Dodging
 + Level 3.9 Stealth
 + Level 4.5 Evocations


You had 8 spell levels left.
You didn't know any spells.
Your spell library contained the following spells:

 Spells                   Type           Power      Damage    Failure   Level
 Magic Dart               Conj           0%         1d3       30%         1
 Summon Small Mammal      Summ           0%         N/A       30%         1
 Searing Ray              Conj           0%         2d4       43%         2
 Call Canine Familiar     Summ           0%         N/A       67%         3
 Gell's Gravitas          Tloc           0%         N/A       67%         3
 Summon Guardian Golem    Hex/Summ       0%         N/A       67%         3
 Teleport Other           Tloc           0%         N/A       67%         3
 Fulminant Prism          Conj/Hex       0%         3d6       97%         4
 Dispersal                Tloc           0%         N/A       100%        6
 Disjunction              Tloc           0%         N/A       100%        8


Dungeon Overview and Level Annotations

Branches:
Dungeon (6/15)            Ossuary (visited)
 Temple: D:4-7

Altars:
Ashenzari
Kikubaaqudgha
Qazlal
Trog
Wu Jian
Xom
Yredelemnul

Shops:
D:3 !   D:5 [

Annotations:
D:4 exclusions: black bear and upstairs
D:5 exclusion: 2 downstairs


Message History

The ball of steam hits you.
You hear a shout!
You hit the gnoll.
The gnoll is moderately wounded.
You are engulfed in a cloud of scalding steam.
The gnoll closely misses you.
You hit the gnoll.
The gnoll is severely wounded.
You are engulfed in a cloud of scalding steam.
The gnoll closely misses you.
The steam dragon bites you but does no damage.
The steam dragon closely misses you.
You closely miss the gnoll.
The gnoll is severely wounded.
You are engulfed in a cloud of scalding steam.
The gnoll barely misses you. The steam dragon breathes steam at you.
The ball of steam misses you.
You barely miss the gnoll.
The gnoll is severely wounded.
You are engulfed in a cloud of scalding steam.
The steam dragon bites you. The steam dragon barely misses you.
You are engulfed in a cloud of scalding steam.
The gnoll is engulfed in a cloud of scalding steam.
The gnoll hits you with a +0 flail.
The wyvern zombie is engulfed in a cloud of scalding steam.
There is an open door here.
The steam dragon breathes steam at you.
The ball of steam hits the gnoll!
The gnoll dies!
The ball of steam hits you!
* * * LOW HITPOINT WARNING * * *
You are engulfed in a cloud of scalding steam.
* * * LOW HITPOINT WARNING * * *
The steam dragon breathes steam at you. The ball of steam hits you!
* * * LOW HITPOINT WARNING * * *
There is a stone staircase leading up here.
You are engulfed in a cloud of scalding steam.
You die...

### ..#.... .........
.........
........######
............##§§@##
.............§§§.§#
.........>.§.§§§.§#
............)§....#
..##..#####D###..###
..##..####g.###....#
............Z......#
...........!§g.....#
...................'.


There were no monsters in sight!

Vanquished Creatures
  Menkaure (Ossuary)
  A water moccasin (D:6)
  2 necrophages
  2 ogres
  A phantom (D:6)
  A howler monkey (D:4)
  3 bullfrog zombies (D:5)
  5 centaur zombies
  A hound (D:6)
  2 orc priests (D:5)
  A gnoll shaman (D:6)
  An iguana (D:6)
  A scorpion zombie (D:5)
  An ogre zombie (Ossuary)
  A hound zombie (D:5)
  A hound skeleton (D:4)
  7 mummies
  A gnoll (D:6)
  8 adders
  A shadow imp (D:5)
  3 ufetubi
  3 adder zombies (Ossuary)
  A dart slug (D:5)
  2 worms
  7 orcs
  3 ball pythons
  An endoplasm (D:4)
  4 goblins
  5 hobgoblins
  2 jackals (D:1)
  9 kobolds
  2 quokkas (D:3)
  A frilled lizard (D:3)
  7 goblin zombies (Ossuary)
  6 hobgoblin zombies (Ossuary)
  2 kobold zombies (Ossuary)
  A quokka zombie (Ossuary)
  4 rats
  6 rat zombies (Ossuary)
111 creatures vanquished.

Vanquished Creatures (collateral kills)
  An orc wizard (D:6)
  3 orcs
  A bat (D:1)
  A goblin (D:1)
  A quokka (D:4)
7 creatures vanquished.

Vanquished Creatures (others)
  An orc warrior (D:6)
  A bullfrog skeleton (D:5)
  2 orc wizards
  A gnoll (D:6)
5 creatures vanquished.

Grand Total: 123 creatures vanquished

Notes
Turn   | Place    | Note
-------+----------+-------------------------------------------
     0 | D:1      | H0rd4k the Human Artificer began the quest for the Orb.
     0 | D:1      | Reached XP level 1. HP: 15/15 MP: 1/1
     7 | D:1      | Found a faded altar of an unknown god.
   366 | D:1      | Reached XP level 2. HP: 3/21 MP: 2/2
   852 | D:1      | HP: 1/21 [jackal (3)]
  1622 | D:2      | Reached XP level 3. HP: 24/26 MP: 3/3
  1774 | D:2      | You fall into a shaft and drop 2 floors!
  1787 | D:4      | Noticed a black bear
  1845 | D:3      | Found a stormy altar of Qazlal.
  1845 | D:3      | Found an ornate altar of the Wu Jian Council.
  1848 | D:3      | Found a broken altar of Ashenzari.
  2002 | D:4      | Reached XP level 4. HP: 21/32 MP: 4/4
  2256 | D:4      | Noticed a necrophage
  2270 | D:4      | Killed a necrophage
  2271 | D:4      | Reached skill level 1 in Short Blades
  2271 | D:4      | Reached XP level 5. HP: 27/38 MP: 5/5
  2369 | D:4      | Found a bloodstained altar of Trog.
  2654 | D:4      | Reached XP level 6. HP: 29/44 MP: 6/6
  3005 | D:3      | Found Rapn's Distillery.
  3186 | D:3      | Found an ancient bone altar of Kikubaaqudgha.
  3983 | D:5      | Entered Level 5 of the Dungeon
  4080 | D:5      | Noticed an ogre
  4158 | D:5      | Found a sand-covered staircase.
  4172 | Ossuary  | Entered an ossuary
  4568 | Ossuary  | Reached XP level 7. HP: 51/51 MP: 7/7
  5034 | Ossuary  | Noticed Menkaure
  5456 | Ossuary  | Killed Menkaure
  5541 | D:5      | Found Zemue's Antique Armour Boutique.
  5638 | D:6      | Identified the +6 spear of Neifuu {vorpal, rC+}
  5861 | D:5      | Reached XP level 8. HP: 36/57 MP: 8/8
  6546 | D:5      | Found a basalt altar of Yredelemnul.
  6550 | D:5      | Reached skill level 1 in Polearms
  7474 | D:6      | Found a shimmering altar of Xom.
  7529 | D:6      | Reached XP level 9. HP: 57/65 MP: 9/9
  7597 | D:6      | Engulfed by a steam dragon's steam

Illustrated notes

Levels and vault maps discovered:
D:1:      ebering_trefoil_twist, layout_basic, chequers_ecumenical_altar_simple
D:2:      layout_loops_corners
D:3:      layout_basic, marbit_many_paths, nicolae_overflow_hidden_temple,
          serial_shops, shop
D:4:      layout_basic, trog_hazing_becter, minmay_joined_circles
D:5:      layout_loops_ring, nicolae_yredelemnul_corpse_copse, serial_shops,
          nicolae_shop_hallway_stairs, gup_ossuary_entry_pyramid
D:6:      layout_gridville, tgw_xom, temple_green

Skill      XL: |  1  2  3  4  5  6  7  8 |
---------------+-------------------------+-----
Evocations     | 4 |  4.5
Fighting       | 2 3 |  3.9
Short Blades   | 1 2 4 |  4.6
Armour         | 3 4 |  4.1
Stealth        | 2 3 |  3.9
Dodging        | 2 3 |  3.9
Polearms       | 3 |  3.8
Maces & Flails | |  0.6

Action                   |  1- 3 |  4- 6 |  7- 9 || total
-------------------------+-------+-------+-------++-------
Melee: Club              |    52 |       |       ||    52
       Short sword       |    27 |   107 |    11 ||   145
       Punch             |     1 |     1 |     3 ||     5
       Dagger            |       |    69 |   127 ||   196
       Spear             |       |       |   116 ||   116
Evoke: Wand              |    11 |     3 |     7 ||    21
 Stab: Sleeping          |       |     2 |    11 ||    13
Armor: Leather armour    |    29 |    63 |    43 ||   135
Dodge: Dodged            |    59 |   104 |   130 ||   293
